 Dungeon Sprint DCSS version 0.17-a0-1646-geb1493d (webtiles) character file.

1016 Kidiri the Covert (level 8, -20/36 HPs)
             Began as a Spriggan Enchanter on Aug 10, 2015.
             Demolished by a kraken (40 damage)
             ... in the Dungeon (Sprint II: "The Violet Keep of Menkaure").
             The game lasted 00:07:13 (581 turns).

Kidiri the Covert (Spriggan Enchanter)               Turns: 581, Time: 00:07:13

Health: -20/36     AC:  3    Str:  4    XL:     8   Next: 1%
Magic:  13/23      EV: 28    Int: 17    God:
Gold:   984        SH:  0    Dex: 18    Spells: 5 memorised, 15 levels left

rFire  . . .     SeeInvis +     a - +1 dagger
rCold  . . .     Clarity  .     b - +1 robe
rNeg   . . .     SustAt   .     (shield restricted)
rPois  .         Gourm    .     (helmet restricted)
rElec  .         Spirit   .     (no cloak)
rCorr  .         Warding  .     (gloves unavailable)
rMut   .         NoTele   +     (boots unavailable)
MR     +....                    (no amulet)
Stlth  ++++++....               (no ring)
                                (no ring)

@: very quick, somewhat resistant to hostile enchantments, very stealthy
A: unfitting armour, see invisible, herbivore 3, speed 3, slow metabolism 2
a: no special abilities


You were in the Dungeon.
You were not hungry.

You visited 1 branch You collected 984 gold pieces.

Inventory:

Hand weapons
 a - a +1 dagger (weapon)
Armour
 b - a +1 robe (worn)
Scrolls
 j - a scroll of blinking
Potions
 f - a potion of heal wounds
 g - a potion of haste
 h - a potion of magic
 i - a potion of berserk rage
Comestibles
 d - a bread ration


   Skills:
 + Level 6.0 Short Blades
 * Level 11.5 Dodging
 * Level 12.8 Stealth
 * Level 10.0 Spellcasting
 + Level 3.6 Conjurations
 + Level 7.8 Hexes
 + Level 4.0 Ice Magic


You had 15 spell levels left.
You knew the following spells:

 Your Spells              Type           Power        Failure   Level  Hunger
a - Corona                Hex            #####..      1%          1    None
b - Ensorcelled Hibernat  Hex/Ice        ####..       1%          2    None
c - Confuse               Hex            #####...     1%          3    None
d - Tukima's Dance        Hex            #####...     1%          3    None
e - Dazzling Spray        Conj/Hex       ####....     2%          3    None


Dungeon Overview and Level Annotations

Branches:
Dungeon (1/1)

Altars:
Elyvilon
Fedhas
Gozag
Kikubaaqudgha
Qazlal
Ru
Sif Muna
Xom
Yredelemnul
Zin
The Shining One
Beogh
Lugonu

Shops:
D ::%!%[=*%=}*(![?

Annotations:
D exclusion: oklob plant


Innate Abilities, Weirdness & Mutations

You are tiny and cannot use many weapons and most armour.
You have supernaturally acute eyesight.
You are a herbivore.
You cover ground extremely quickly.
You need consume almost no food.


Message History

Really walk into that cloud of steam?
Okay, then.
Casting: Ensorcelled Hibernation
Confirm with . or Enter, or press ? or * to list all spells.
Aiming: Ensorcelled Hibernation
Press: ? - help, Shift-Dir - straight line, f/p - kraken
Aim: a kraken (water, lightly wounded, chance to defeat MR: 23%)
The kraken resists with almost no effort.
Casting: Ensorcelled Hibernation
Confirm with . or Enter, or press ? or * to list all spells.
Aiming: Ensorcelled Hibernation
Press: ? - help, Shift-Dir - straight line, f/p - kraken
Aim: a kraken (water, lightly wounded, chance to defeat MR: 23%)
The kraken looks drowsy...
The helpless kraken fails to defend itself.
You stick the kraken like a pincushion!!!!
The kraken is heavily wounded.
The kraken bites you!!!
Ouch! That really hurt!
You die...

≈#..##.# ...#
###%#.####..##
.###'###.##..# #
..##.##.).#..# .# #
##'.<%':#.'..### .##.#
..##.##...#....###...##▓
.###'###.##......≈≈≈≈≈≈≈
###.######≈≈.§...≈#+####
≈#.##..#≈≈≈≈≈§§.@≈#.....
≈##...##≈≈§≈≈§≈≈X≈#....⌠
≈≈##'##≈≈≈§≈≈§≈≈≈≈#..._.
#≈≈≈≈≈≈≈≈≈≈≈§≈≈≈≈≈#.._._
#+++#+++#≈≈≈§≈§≈≈≈#._._.


zzzz ##≈§≈###§§#_._._ zzzz§≈§##≈§ #§≈#._._. ≈≈§§§§§≈≈+≈ #≈≈#_._._ .§.§§.§§§##
You could see a kraken.

Vanquished Creatures
  A siren (D)
  4 necrophages (D)
  A crocodile (D)
  4 brain worms (D)
  A scorpion (D)
  3 worms (D)
14 creatures vanquished.

Vanquished Creatures (others)
  12 tentacles (D)
  78 tentacle segments (D)
90 creatures vanquished.

Grand Total: 104 creatures vanquished

Notes
Turn   | Place    | Note
--------------------------------------------------------------
     0 | D        | Kidiri the Spriggan Enchanter began the quest for the Orb.
     0 | D        | Reached XP level 1. HP: 9/9 MP: 5/5
     5 | D        | Noticed a necrophage
     5 | D        | Noticed a necrophage
     5 | D        | Noticed a necrophage
     5 | D        | Noticed a necrophage
     9 | D        | Noticed a brain worm
    16 | D        | Killed a brain worm
    16 | D        | Reached skill level 6 in Dodging
    16 | D        | Reached skill level 7 in Stealth
    16 | D        | Reached skill level 5 in Spellcasting
    16 | D        | Reached XP level 2. HP: 13/13 MP: 6/9
    16 | D        | Reached XP level 3. HP: 16/16 MP: 6/10
    20 | D        | Learned a level 2 spell: Ensorcelled Hibernation
    24 | D        | Learned a level 3 spell: Confuse
    28 | D        | Learned a level 3 spell: Tukima's Dance
    32 | D        | Learned a level 3 spell: Dazzling Spray
    32 | D        | Noticed a brain worm
    33 | D        | Killed a brain worm
    33 | D        | Reached skill level 8 in Stealth
    33 | D        | Reached skill level 1 in Conjurations
    33 | D        | Reached skill level 5 in Hexes
    33 | D        | Reached skill level 1 in Ice Magic
    33 | D        | Reached XP level 4. HP: 21/21 MP: 8/13
    34 | D        | Noticed a brain worm
    34 | D        | Noticed a brain worm
    36 | D        | Killed a brain worm
    36 | D        | Reached skill level 9 in Stealth
    36 | D        | Reached XP level 5. HP: 24/24 MP: 9/15
    38 | D        | Killed a brain worm
    38 | D        | Reached skill level 10 in Stealth
    38 | D        | Reached XP level 6. HP: 28/28 MP: 9/17
    95 | D        | Noticed a siren
   106 | D        | Killed a siren
   106 | D        | Reached skill level 5 in Short Blades
   106 | D        | Reached skill level 10 in Dodging
   106 | D        | Reached skill level 11 in Stealth
   106 | D        | Reached XP level 7. HP: 19/32 MP: 5/20
   304 | D        | Killed a necrophage
   304 | D        | Reached skill level 12 in Stealth
   306 | D        | Killed a necrophage
   311 | D        | Killed a necrophage
   314 | D        | Killed a necrophage
   367 | D        | Noticed a flying skull
   367 | D        | Noticed a flying skull
   368 | D        | Noticed a flying skull
   368 | D        | Noticed a flying skull
   368 | D        | Noticed a flying skull
   369 | D        | Noticed a flying skull
   369 | D        | Noticed a flying skull
   369 | D        | Noticed a flying skull
   369 | D        | Noticed a flying skull
   370 | D        | Noticed a flying skull
   370 | D        | Noticed a flying skull
   371 | D        | Noticed a flying skull
   388 | D        | Noticed a lava snake
   390 | D        | Noticed a lava snake
   390 | D        | Noticed a lava snake
   390 | D        | Noticed a kraken
   413 | D        | Found Ybriexea's Magic Scroll Emporium.
   414 | D        | Found Gepsir's Distillery.
   414 | D        | Found Oqooptup's Antique Weapon Shoppe.
   415 | D        | Noticed a scorpion
   417 | D        | Killed a scorpion
   421 | D        | Found Kipsumae's Gadget Emporium.
   421 | D        | Found Izaq's Jewellery Shoppe.
   422 | D        | Found Vesis's Jewellery Emporium.
   422 | D        | Found Seocoiliopt's Antique Armour Shoppe.
   422 | D        | Found Aqon's Antique Armour Shoppe.
   422 | D        | Found Arai's Food Emporium.
   423 | D        | Found Darameezox's Assorted Antiques.
   423 | D        | Found Ebapla's Food Shoppe.
   424 | D        | Found Hero's General Store.
   426 | D        | Found Kohe's Distillery.
   426 | D        | Found Capnufar's Food Emporium.
   426 | D        | Noticed a death yak
   426 | D        | Noticed an oklob plant
   427 | D        | Found Filakos's Book Shoppe.
   427 | D        | Found Amatid's Book Shoppe.
   427 | D        | Noticed a hippogriff
   429 | D        | Noticed a hippogriff
   429 | D        | Noticed a hippogriff
   434 | D        | Noticed a slime creature
   435 | D        | Noticed a slime creature
   436 | D        | Noticed a slime creature
   492 | D        | Noticed a kraken
   498 | D        | Noticed a crocodile
   505 | D        | Killed a crocodile
   505 | D        | Reached skill level 10 in Spellcasting
   505 | D        | Reached XP level 8. HP: 36/36 MP: 13/23
   566 | D        | Found a shimmering altar of Xom.
   567 | D        | Found a corrupted altar of Lugonu.
   567 | D        | Found a blossoming altar of Fedhas.
   567 | D        | Found a stormy altar of Qazlal.
   568 | D        | Found a glowing silver altar of Zin.
   568 | D        | Found an opulent altar of Gozag.
   568 | D        | Found a glowing golden altar of the Shining One.
   568 | D        | Found an ancient bone altar of Kikubaaqudgha.
   569 | D        | Found a white marble altar of Elyvilon.
   569 | D        | Found a deep blue altar of Sif Muna.
   569 | D        | Found a basalt altar of Yredelemnul.
   569 | D        | Found a roughly hewn altar of Beogh.
   569 | D        | Found a sacrificial altar of Ru.
   581 | D        | Demolished by a kraken

Vault maps used:
D:        the_violet_keep_of_menkaure

Action                   |  1- 3 |  4- 6 |  7- 9 || total
-------------------------+-------+-------+-------++-------
Melee: Dagger            |     2 |     5 |    19 ||    26
 Cast: Confuse           |       |     2 |    11 ||    13
       Ensorcelled Hiber |       |     2 |     8 ||    10
       Dazzling Spray    |       |     1 |     4 ||     5
  Use: Potion            |       |     1 |     1 ||     2
 Stab: Sleeping          |     2 |     2 |     6 ||    10
       Invisible         |       |     2 |     1 ||     3
       Confused          |       |       |     2 ||     2
